 Dungeon Crawl Stone Soup version 0.25-a0-246-g58704a1 (webtiles) character file.

Game seed: 14953995691622739516, levelgen mode: deterministic

7239 Boromir the Cleaver (level 10, -8/86 HPs)
             Began as a Minotaur Fighter on Dec 3, 2019.
             Was a High Priest of Okawaru.
             Mangled by an orc warrior
             ... wielding a +0 halberd
              (18 damage)
             ... on level 10 of the Dungeon.
             The game lasted 00:24:00 (9768 turns).

Boromir the Cleaver (Minotaur Fighter)              Turns: 9768, Time: 00:24:01

Health: -8/86      AC: 12    Str: 24    XL:     10   Next: 88%
Magic:  9/9        EV: 11    Int:  5    God:    Okawaru [*****.]
Gold:   624        SH: 17    Dex: 10    Spells: 9/9 levels left

rFire    . . .     SeeInvis .   a - +0 war axe
rCold    . . .     Gourm    .   m - +0 large shield
rNeg     . . .     Faith    .   b - +0 scale mail
rPois    .         Spirit   .   l - +2 hat
rElec    .         Reflect  .   (no cloak)
rCorr    +         Harm     .   G - +0 pair of gloves
MR       .....                  j - +0 pair of boots
Stlth    ..........             E - amulet of the acrobat
HPRegen  0.24/turn              A - ring of resist corrosion
MPRegen  0.11/turn              J - +3 ring of evasion

@: no status effects
A: retaliatory headbutt, horns 2
a: Heroism, Finesse, Renounce Religion


You were on level 10 of the Dungeon.
You worshipped Okawaru.
Okawaru was extremely pleased with you.
You were not hungry.

You visited 3 branches of the dungeon, and saw 12 of its levels.
You also visited: Ossuary.

You collected 624 gold pieces.

Inventory:

Hand Weapons
 a - a +0 war axe (weapon)
Missiles
 y - 22 boomerangs (quivered)
Armour
 b - a +0 scale mail (worn)
 j - a +0 pair of boots (worn)
 l - a +2 hat (worn)
 m - a +0 large shield (worn)
 G - a +0 pair of gloves (worn)
Jewellery
 k - an uncursed amulet of guardian spirit
 A - a ring of resist corrosion (left hand)
 E - an amulet of the acrobat (around neck)
 J - a +3 ring of evasion (right hand)
Wands
 c - a wand of polymorph (6)
 I - a wand of scattershot (5)
 L - a wand of digging (7)
 M - a wand of paralysis (8)
 N - a wand of flame (23)
Scrolls
 i - a scroll of blinking
 n - a scroll of noise {unknown}
 p - 5 scrolls of enchant armour
 q - 10 scrolls of teleportation
 r - 2 scrolls of amnesia
 u - 7 scrolls of remove curse
 v - 5 scrolls of enchant weapon
 x - 3 scrolls of random uselessness
 z - 6 scrolls of identify
 B - 2 scrolls of magic mapping {unknown}
 C - a scroll of fog {unknown}
 F - a scroll of immolation {unknown}
 H - a scroll of fear {unknown}
Potions
 d - 2 potions of might
 e - 4 potions of heal wounds {unknown}
 g - 2 potions of haste {unknown}
 h - a potion of invisibility {unknown}
 o - 4 potions of agility {unknown}
 s - a potion of mutation {unknown}
 t - 2 potions of flight {unknown}
 w - 2 potions of berserk rage {unknown}
 D - 5 potions of degeneration {unknown}
 K - a potion of resistance {unknown}
Comestibles
 f - 21 rations


   Skills:
 + Level 7.1 Fighting
 * Level 14.3 Axes
 + Level 7.3 Armour
 + Level 4.1 Dodging
 + Level 9.8 Shields


You had 9 spell levels left.
You didn't know any spells.
Your spell library contained the following spells:

 Spells                   Type           Power        Failure   Level  Hunger
 Sandblast                Erth           #.....       100%        1    ##.....
 Passwall                 Tmut/Erth      #.......     100%        2    ###....
 Swiftness                Chrm/Air       #.......     100%        2    ###....
 Stone Arrow              Conj/Erth      #.....       100%        3    ####...
 Passage of Golubria      Tloc           N/A          100%        4    #####..
 Petrify                  Tmut/Erth      #.......     100%        4    #####..
 Lee's Rapid Deconstruct  Erth           #.........   100%        5    ######.
 Darkness                 Hex            #.........   100%        6    #######
 Invisibility             Hex            #.......     100%        6    #######


Dungeon Overview and Level Annotations

Branches:
Dungeon (10/15)            Temple (1/1) D:5            Lair (1/6) D:8
Ossuary (visited)
    Orc: D:9-12

Altars:
Ashenzari
Elyvilon
Hepliaklqana
Makhleb
Nemelex Xobeh
Okawaru

Shops:
D:6 :((%


Innate Abilities, Weirdness & Mutations

You reflexively headbutt those who attack you in melee.
You have a pair of horns on your head.


Message History

Okawaru accepts your kill. You block the orc warrior's attack.
You slash the orc!
You kill the orc!
Okawaru accepts your kill.
You hit the orc.
The orc is moderately wounded.
You block the orc's attack. You block the orc warrior's attack.
You slash the orc!
You kill the orc!
Okawaru accepts your kill. You block the orc warrior's attack.
You block the orc warrior's attack.
You see here a yak corpse.
You hit the orc warrior but do no damage.
Your headbutt misses the orc warrior. You block the orc warrior's attack.
You slash the orc warrior!
The orc warrior is severely wounded.
The orc warrior hits you with a +0 halberd!!
You die...

.....# .###.#
##... .#
#.########## ....
. .# #..........#
... .. .#
##########.# #..
... .# #.# ..
.... .# #.#
.#..... .#
#####.####.......
##
#.......@o.......
#.###†####..>#.#.
#.# ...# #.# ...#
#.. ..... ###
...... .......
.#####.


You could see an orc warrior.

Vanquished Creatures
  A two-headed ogre (D:9)
  Pikel (D:7)
  Psyche (D:9)
  A hippogriff (D:8)
  6 yaks (D:10)
  A vampire mosquito (D:9)
  A water moccasin (D:6)
  Duvessa (D:7)
  A porcupine (D:8)
  3 slaves (D:7)
  2 black bears (D:8)
  3 orc warriors
  4 ice beasts
  2 ogres
  3 phantoms
  A centaur (D:7)
  2 crocodiles (D:8)
  3 big kobolds
  8 bullfrogs
  A scorpion (D:9)
  Dowan (D:7)
  4 wights (D:8)
  A crimson imp (D:7)
  3 centaur zombies
  2 bullfrog zombies (Ossuary)
  8 hounds
  6 jellies
  5 orc priests
  3 bullfrog skeletons
  2 centaur skeletons
  3 orc wizards
  3 iguanas
  4 worker ants
  4 hound zombies (Ossuary)
  3 howler monkey zombies
  14 mummies (Ossuary)
  4 worker ant zombies (Ossuary)
  Robin (D:2)
  12 adders
  3 gnolls (D:4)
  A howler monkey skeleton (D:9)
  A shadow imp (D:5)
  An ooze (D:2)
  2 adder zombies
  An adder skeleton (D:8)
  5 worms
  3 dart slugs
  3 leopard geckos
  31 orcs
  9 bats
  8 giant cockroaches
  7 goblins
  13 hobgoblins
  15 jackals
  A quokka (D:7)
  4 frilled lizards
  A giant cockroach zombie (Ossuary)
  A jackal skeleton (D:5)
  A jackal zombie (Ossuary)
  19 kobolds
  A quokka skeleton (D:9)
  2 quokka zombies (Ossuary)
  9 rats
  A plant (D:8)
272 creatures vanquished.

Vanquished Creatures (others)
  3 fungi (D:8)
  A plant (D:8)
  A withered plant (Ossuary)
5 creatures vanquished.

Grand Total: 277 creatures vanquished

Notes
Turn   | Place    | Note
-------+----------+-------------------------------------------
     0 | D:1      | Boromir the Minotaur Fighter began the quest for the Orb.
     0 | D:1      | Reached XP level 1. HP: 19/19 MP: 0/0
   108 | D:1      | Reached XP level 2. HP: 21/27 MP: 1/1
   325 | D:1      | Reached skill level 3 in Axes
   441 | D:1      | Reached XP level 3. HP: 33/33 MP: 2/2
   930 | D:2      | Found a burning altar of Makhleb.
   932 | D:2      | Noticed a cacodemon
   945 | D:2      | Found a white marble altar of Elyvilon.
  1076 | D:2      | Reached XP level 4. HP: 40/40 MP: 3/3
  1118 | D:2      | Noticed Robin
  1126 | D:2      | Killed Robin
  1171 | D:2      | Reached skill level 4 in Axes
  1651 | D:3      | Reached XP level 5. HP: 40/46 MP: 4/4
  2180 | D:4      | Reached skill level 5 in Axes
  2212 | D:4      | Reached skill level 5 in Shields
  2212 | D:4      | Reached XP level 6. HP: 35/52 MP: 5/5
  2224 | D:4      | Reached skill level 1 in Dodging
  2535 | D:4      | Reached skill level 6 in Axes
  2693 | D:5      | Entered Level 5 of the Dungeon
  2869 | D:5      | Found a staircase to the Ecumenical Temple.
  2902 | Temple   | Entered the Ecumenical Temple
  2909 | Temple   | Became a worshipper of Warmaster Okawaru
  2970 | D:5      | Noticed an ice beast
  2991 | D:5      | Killed an ice beast
  2991 | D:5      | Reached skill level 7 in Axes
  2991 | D:5      | Reached XP level 7. HP: 19/60 MP: 6/6
  3183 | D:5      | Found a sand-covered staircase.
  3191 | Ossuary  | Entered an ossuary
  3271 | Ossuary  | Reached skill level 5 in Armour
  3314 | Ossuary  | Reached skill level 8 in Axes
  3321 | Ossuary  | Reached * piety under Okawaru
  3551 | Ossuary  | Reached XP level 8. HP: 45/67 MP: 7/7
  3756 | D:5      | Reached skill level 5 in Fighting
  3756 | D:5      | Reached skill level 9 in Axes
  3904 | D:6      | Found Lerast's Weapon Shoppe.
  3904 | D:6      | Found Ecireud's Book Shoppe.
  3905 | D:6      | Found Mibemn's Antique Weapon Shoppe.
  3908 | D:6      | Found Moc Wyi's Food Shoppe.
  4080 | D:6      | Reached ** piety under Okawaru
  4371 | D:6      | Reached skill level 10 in Axes
  4614 | D:7      | Noticed Dowan
  4631 | D:7      | Killed Dowan
  4638 | D:7      | Noticed Duvessa
  4651 | D:7      | Killed Duvessa
  4988 | D:7      | Reached XP level 9. HP: 20/74 MP: 8/8
  5508 | D:7      | Reached skill level 11 in Axes
  5597 | D:7      | Noticed Pikel
  5624 | D:7      | Killed Pikel
  5624 | D:7      | Reached *** piety under Okawaru
  5933 | D:8      | Reached skill level 12 in Axes
  5970 | D:8      | Reached **** piety under Okawaru
  6168 | D:8      | Found a staircase to the Lair.
  6556 | D:8      | Reached XP level 10. HP: 30/83 MP: 9/9
  7441 | D:8      | Reached skill level 13 in Axes
  7910 | D:9      | Noticed Psyche
  7916 | D:9      | Killed Psyche
  8772 | D:9      | Noticed a black mamba
  8772 | D:9      | a human changed into a black mamba
  8776 | D:9      | a black mamba changed into a queen bee
  9103 | Lair:1   | Entered Level 1 of the Lair of Beasts
  9342 | D:9      | Noticed a two-headed ogre
  9350 | D:9      | Killed a two-headed ogre
  9350 | D:9      | Received a gift from Okawaru
  9670 | D:10     | Entered Level 10 of the Dungeon
  9726 | D:10     | Reached skill level 14 in Axes
  9739 | D:10     | Reached ***** piety under Okawaru
  9768 | D:10     | Mangled by an orc warrior

Levels and vault maps discovered:
D:1:      minmay_arrival_stair_chambers, layout_basic
D:2:      layout_loops_ring, makhleb_altar_promises_db, elyvilon_altar_1,
          uniq_robin
D:3:      layout_basic
D:4:      layout_rooms, first_ration
D:5:      layout_cave_pools, temple_fountains, chequers_ossuary_entry_cave
D:6:      layout_loops_ring, minmay_misc_feat_cross, minmay_shop_grid_forest,
          patterned_corridor
D:7:      layout_loops_ring, uniq_pikel, uniq_duvessa
D:8:      layout_layer_cave, grunt_lair_entry_orc_guard_hut
D:9:      layout_roguey, blue_anna_alchemist [blue_anna_fruit_fields,
          blue_anna_fruit_fields], chequers_serial_rivers_room_a,
          minmay_diamond_spiral, uniq_psyche
D:10:     layout_loops_ring, minmay_curled_crystal
Temple:   minmay_crystal_snake_temple
Lair:1:   layout_cave_pods

Skill      XL: |  1  2  3  4  5  6  7  8  9 10 |
---------------+-------------------------------+-----
Shields        | 4 5 6 7 8 9 |  9.8
Fighting       | 4 5 6 7 |  7.1
Armour         | 4 5 6 7 |  7.3
Axes           | 3 4 5 7 8 10 12 14 | 14.3
Dodging        | 1 2 3 4 |  4.1

Action                   |  1- 3 |  4- 6 |  7- 9 | 10-12 || total
-------------------------+-------+-------+-------+-------++-------
Melee: War axe           |   104 |   204 |   389 |   259 ||   956
       Headbutt          |    12 |    32 |    86 |    43 ||   173
Throw: Boomerang         |       |     3 |     3 |    16 ||    22
  Use: Scroll            |       |     7 |       |     1 ||     8
       Potion            |       |       |     2 |     5 ||     7
  Eat: Chunk             |       |     4 |     1 |     4 ||     9
       Ration            |       |     1 |     3 |     2 ||     6
Armor: Scale mail        |    45 |    82 |    93 |    61 ||   281
Dodge: Dodged            |    33 |    38 |    75 |    62 ||   208
Block: Shield            |    39 |       |       |       ||    39
       Large shield      |    33 |   156 |   312 |   208 ||   709

Table legend:
 A = Non-vault XP
 B = Vault XP
 C = Vault XP percentage of total XP
 D = Non-vault monster count
 E = Vault monster count
 F = Vault count percentage of total count
                 A         B        C        D         E       F
            +---------+---------+-------+---------+---------+-------
      Total |    7300 |    3042 |  29.4 |     214 |      54 |  20.1
            +---------+---------+-------+---------+---------+-------
        D:1 |      41 |       0 |   0.0 |      25 |       0 |   0.0
        D:2 |     101 |      25 |  19.8 |      26 |       7 |  21.2
        D:3 |      88 |       0 |   0.0 |      18 |       0 |   0.0
        D:4 |     227 |       0 |   0.0 |      15 |       0 |   0.0
        D:5 |     576 |       0 |   0.0 |      18 |       0 |   0.0
        D:6 |     588 |       0 |   0.0 |      13 |       0 |   0.0
        D:7 |     766 |     875 |  53.3 |      19 |       3 |  13.6
        D:8 |    1867 |     729 |  28.1 |      49 |       6 |  10.9
        D:9 |    1597 |     733 |  31.5 |      19 |       5 |  20.8
       D:10 |    1449 |       0 |   0.0 |      12 |       0 |   0.0
    Ossuary |       0 |     680 | 100.0 |       0 |      33 | 100.0
            +---------+---------+-------+---------+---------+-------
